 Dungeon Crawl Stone Soup version 0.23-a0-32-g1388f29 (webtiles) character file.

2277 Amnesiac the Geomancer (level 9, -1/57 HPs)
             Began as a Mummy Earth Elementalist on Aug 4, 2018.
             Was a Follower of Vehumet.
             Slain by a bullfrog (6 damage)
             ... on level 7 of the Dungeon.
             The game lasted 00:14:12 (6766 turns).

Amnesiac the Geomancer (Mummy Earth Elementalist)   Turns: 6766, Time: 00:14:13

Health: -1/57      AC:  7    Str: 11    XL:     9   Next: 16%
Magic:  1/21       EV: 12    Int: 18    God:    Vehumet [*.....]
Gold:   307        SH:  0    Dex: 16    Spells: 10/25 levels left

rFire    . . .     SeeInvis +   a - +2 whip (elec)
rCold    + + .     Gourm    .   (no shield)
rNeg     + + +     Faith    .   w - +2 robe {MR+}
rPois    ∞         Spirit   .   (no helmet)
rElec    +         Reflect  .   o - +2 cloak
rCorr    .         Harm     +   (no gloves)
MR       ++...                  (no boots)
Stlth    ++........             v - amulet of harm
HPRegen  0.19/turn              b - ring of Jealousy {rElec rC+ Dex+4 SInv}
MPRegen  0.17/turn              l - ring of protection from fire

@: about to teleport, very slightly contaminated
A: no food or potions, fire vulnerability, cold resistance 1, negative energy
resistance 3, torment resistance, unbreathing
a: Renounce Religion


You were on level 7 of the Dungeon.
You worshipped Vehumet.
Vehumet was aware of your devotion.
You were not hungry.

You visited 1 branch of the dungeon, and saw 7 of its levels.
You also visited: Sewer.

You collected 307 gold pieces.

Inventory:

Hand Weapons
 a - a +2 whip of electrocution (weapon)
 j - a +0 blowgun
 u - a +1 short sword of protection
Missiles
 k - 27 poisoned needles
 n - 6 curare-tipped needles
Armour
 o - a +2 cloak (worn)
 w - a +2 robe of magic resistance (worn)
 z - a +0 buckler
Jewellery
 b - the ring of Jealousy (left hand) {rElec rC+ Dex+4 SInv}
   (You found it on level 5 of the Dungeon)

   [ring of protection from cold]

   It affects your dexterity (+4).
   It protects you from cold.
   It insulates you from electricity.
   It lets you see invisible.
 h - an uncursed amulet of regeneration
 l - a ring of protection from fire (right hand)
 v - an amulet of harm (around neck)
Wands
 f - a wand of enslavement (13)
 g - a wand of polymorph (22)
 i - a wand of flame (15)
Scrolls
 d - 3 scrolls of teleportation {!r}
 m - a scroll of fog {!r}
 s - a scroll of remove curse {!r}
 x - a scroll of amnesia {!r}
 y - a scroll of enchant armour {!r}


   Skills:
 - Level 1.5 Dodging
 - Level 1.5 Stealth
 + Level 8.8 Spellcasting
 - Level 0.7 Transmutations
 * Level 8.8 Earth Magic


You had 10 spell levels left.
You knew the following spells:

 Your Spells              Type           Power        Failure   Level  Hunger
a - Stone Arrow           Conj/Erth      ###...       4%          3    N/A
b - Passwall              Tmut/Erth      ####....     1%          2    N/A
c - Sandblast             Erth           #####.       1%          1    N/A
d - Lee's Rapid Deconstr  Erth           #####.....   6%          5    N/A
e - Petrify               Tmut/Erth      ####....     12%         4    N/A

Your spell library contained the following spells:

 Spells                   Type           Power        Failure   Level  Hunger
 Magic Dart               Conj           #...         9%          1    N/A
 Conjure Flame            Conj/Fire      #.......     26%         3    N/A
 Slow                     Hex            #.......     14%         2    N/A
 Mephitic Cloud           Conj/Pois/Air  #.......     26%         3    N/A
 Blink                    Tloc           N/A          14%         2    N/A
 Pain                     Necr           #...         9%          1    N/A
 Call Imp                 Summ           #.......     14%         2    N/A

Dungeon Overview and Level Annotations

Branches:
Dungeon (7/15)             Temple (0/1) D:6

Altars:
Ashenzari
Cheibriados
Fedhas
Kikubaaqudgha
Okawaru
Qazlal
Ru
Sif Muna
Trog
Vehumet
Xom
Zin

Annotations:
D:5 dig/blink
D:7 Harold


Innate Abilities, Weirdness & Mutations

You do not eat or drink.
Your flesh is vulnerable to fire.
You are immune to poison.
Your flesh is cold resistant. (rC+)
You are immune to negative energy. (rN+++)
You are immune to unholy pain and torment.
You can survive without breathing.


Message History

Aim: a kobold The stone arrow hits the kobold.
You kill the kobold!
Vehumet accepts your kill.
The bullfrog croaks.
The freed slave closely misses you.
Casting: Stone Arrow (safe; 4% risk of failure)
Confirm with . or Enter, or press ? or * to list all spells.
Aiming: Stone Arrow (safe; 4% risk of failure)
Press: ? - help, Shift-Dir - straight line, f - freed slave
Aim: a freed slave, wearing an animal skin The stone arrow hits the freed slave.
The freed slave is severely wounded.
The freed slave barely misses you.
Casting: Stone Arrow (safe; 4% risk of failure)
Confirm with . or Enter, or press ? or * to list all spells.
Aiming: Stone Arrow (safe; 4% risk of failure)
Press: ? - help, Shift-Dir - straight line, f/p - freed slave
Aim: a freed slave, wearing an animal skin (severely wounded)
The stone arrow misses the freed slave.
The freed slave hits you!
* * * LOW HITPOINT WARNING * * *
The big kobold closely misses you. The freed slave barely misses you.
Harold throws a throwing net.
The throwing net hits you.
You become entangled in the net!
You stop ascending the stairs.
The big kobold hits you.
* * * LOW HITPOINT WARNING * * *
Okay, then.
Really read
q - a scroll of fear {!r}?
As you read the scroll of fear {!r}, it crumbles to dust.
You assume a fearsome visage.
The freed slave looks frightened!
The freed slave looks frightened!
The freed slave shouts!
Harold looks frightened!
The big kobold looks frightened!
The freed slave seems to regain its courage.
The bullfrog barely misses you.
You struggle against the net.
The bullfrog seems to regain its courage.
The bullfrog hits you.
* * * LOW HITPOINT WARNING * * *
The bullfrog hits you.
* * * LOW HITPOINT WARNING * * *
You tear a large gash into the net.
The bullfrog hits you but does no damage.
Casting: Stone Arrow (safe; 4% risk of failure)
Confirm with . or Enter, or press ? or * to list all spells.
Aiming: Stone Arrow (safe; 4% risk of failure)
Press: ? - help, Shift-Dir - straight line, f/p - freed slave
Aim: a freed slave, wearing an animal skin (severely wounded, fleeing)
The stone arrow hits the freed slave.
The freed slave is almost dead.
Your attack snaps the freed slave out of its fear.
The bullfrog hits you!
* * * LOW HITPOINT WARNING * * *
The bullfrog hits you but does no damage.
Really read
r - a scroll of blinking {!r}?
Blink to where?
Press: ? - help, Dir - move target cursor, p - freed slave You are very lightly contaminated with residual magic.
As you read the scroll of blinking {!r}, it crumbles to dust.
Really read
d - 4 scrolls of teleportation {!r}?
As you read the scroll of teleportation {!r}, it crumbles to dust.
You feel strangely unstable. The bullfrog hits you.
You die...

###### #######
#.....##.....##
..........p.F@##
...............#
#
.........)§....#
.
...............#
.
...............#
.
............p.p#
.
...............#
g
..............##
.
......##....p##


You could see 3 freed slaves and a bullfrog.

Vanquished Creatures
  Pikel (D:6)
  Sigmund (D:5)
  3 ice beasts (D:6)
  A slave (D:6)
  2 sky beasts
  3 phantoms
  An ogre (D:5)
  A big kobold (Sewer)
  A bullfrog (D:7)
  A killer bee (D:5)
  A howler monkey (D:5)
  An electric eel (D:6)
  A crimson imp (D:6)
  A centaur zombie (D:5)
  A quasit (D:4)
  2 hounds (D:5)
  Crazy Yiuf (D:2)
  Jessica (D:2)
  3 worker ants
  An iguana (D:6)
  An orc wizard (D:2)
  A hound skeleton (D:7)
  A howler monkey skeleton (D:4)
  12 adders
  3 oozes
  An adder zombie (D:5)
  4 worms
  A dart slug (D:1)
  3 leopard geckos
  10 orcs
  3 giant cockroaches
  10 goblins
  8 hobgoblins
  22 kobolds
  4 quokkas
  2 ball pythons
  7 bats
  7 frilled lizards
  A quokka zombie (D:5)
  9 rats
138 creatures vanquished.

Vanquished Creatures (others)
  2 kobolds (D:7)
2 creatures vanquished.

Grand Total: 140 creatures vanquished

Notes
Turn   | Place    | Note
-------+----------+-------------------------------------------
     0 | D:1      | Amnesiac the Mummy Earth Elementalist began the quest for the Orb.
     0 | D:1      | Reached XP level 1. HP: 13/13 MP: 4/4
   555 | D:1      | Reached XP level 2. HP: 17/19 MP: 5/5
   560 | D:1      | Learned a level 2 spell: Passwall
   988 | D:2      | Reached XP level 3. HP: 22/24 MP: 0/7
   993 | D:2      | Learned a level 3 spell: Stone Arrow
  1031 | D:2      | Noticed Jessica
  1094 | D:2      | Killed Jessica
  1185 | D:3      | Reached XP level 4. HP: 30/30 MP: 6/9
  1191 | D:3      | Learned a level 4 spell: Petrify
  1298 | D:4      | Noticed a phantom
  1346 | D:5      | Entered Level 5 of the Dungeon
  1352 | D:5      | Noticed a sky beast
  1496 | D:5      | Killed a sky beast
  1496 | D:5      | Reached XP level 5. HP: 24/35 MP: 5/11
  1597 | D:5      | Found a sacrificial altar of Ru.
  1597 | D:5      | Found a shimmering altar of Xom.
  1597 | D:5      | Noticed a phantom
  1701 | D:5      | Noticed an ogre
  1775 | D:4      | Found an iron altar of Okawaru.
  1786 | D:4      | Reached XP level 6. HP: 24/41 MP: 4/13
  1888 | D:4      | Found a glowing drain.
  1937 | Sewer    | Entered a sewer
  2206 | Sewer    | Reached skill level 5 in Earth Magic
  2208 | Sewer    | Reached skill level 5 in Spellcasting
  2236 | Sewer    | Learned a level 5 spell: Lee's Rapid Deconstruction
  2586 | D:5      | Reached XP level 7. HP: 41/46 MP: 12/15
  2821 | D:5      | Got a clouded marble ring
  2824 | D:5      | Noticed Sigmund
  2841 | D:5      | Killed Sigmund
  2935 | D:5      | Found an ancient bone altar of Kikubaaqudgha.
  2948 | D:5      | Identified Kikubaaqudgha's Guide on Unholy Secrets
  2951 | D:5      | Found a radiant altar of Vehumet.
  2952 | D:5      | Found a deep blue altar of Sif Muna.
  2959 | D:5      | Became a worshipper of Vehumet
  3111 | D:3      | Identified the ring of Jealousy {rElec rC+ Dex+4 SInv} (You found it on level 5 of the Dungeon)
  3216 | D:3      | Found a faded altar of an unknown god.
  4567 | D:2      | Found a sacrificial altar of Ru.
  4812 | D:2      | Found a runed door.
  5033 | D:2      | Noticed Crazy Yiuf
  5038 | D:2      | Killed Crazy Yiuf
  5196 | D:5      | Reached XP level 8. HP: 52/52 MP: 8/18
  5203 | D:5      | Found a shattered altar of Ashenzari.
  5203 | D:5      | Found a snail-covered altar of Cheibriados.
  5205 | D:5      | Found a stormy altar of Qazlal.
  5205 | D:5      | Found a blossoming altar of Fedhas.
  5206 | D:5      | Found a bloodstained altar of Trog.
  5263 | D:5      | Found a glowing silver altar of Zin.
  5657 | D:6      | Reached * piety under Vehumet
  5657 | D:6      | Offered knowledge of Freeze by Vehumet.
  6397 | D:6      | Found a staircase to the Ecumenical Temple.
  6658 | D:7      | Noticed Harold
  6702 | D:7      | Noticed Pikel
  6715 | D:6      | Killed Pikel
  6715 | D:6      | Reached XP level 9. HP: 49/57 MP: 4/21
  6766 | D:7      | Slain by a bullfrog

Vault maps used:
D:1:      dpeg_arrival_round_b, st_stairs_12, chequers_big_river,
          lemuel_flame_loot_1
D:2:      nicolae_ru_great_annihilating_truth, uniq_jessica,
          uniq_crazy_yiuf_cottage
D:3:      chequers_ecumenical_altar_island
D:4:      kennysheep_okawaru_gauntlet, portal_sewer_entry_d,
          minmay_misc_feat_four_crosses, item_on_display_a
D:5:      grunt_temple_overflow_magic_moments, zin_treasury,
          grunt_temple_overflow_open, first_ration, uniq_sigmund
D:6:      cheibrodos_helix_gallery, minmay_temple_entry_from_below_a,
          grunt_ministairs_15
D:7:      grunt_livestock, uniq_pikel, uniq_harold
Sewer:    kennysheep_pipe_town

Skill      XL: |  1  2  3  4  5  6  7  8 |
---------------+-------------------------+-----
Earth Magic    | 3 4 5 6 8 |  8.8
Spellcasting   | 3 4 5 6 8 |  8.8
Dodging        | |  1.5
Stealth        | |  1.5
Transmutations | |  0.7

Action                   |  1- 3 |  4- 6 |  7- 9 || total
-------------------------+-------+-------+-------++-------
Melee: Unarmed           |    53 |       |       ||    53
       Whip              |     1 |    72 |     8 ||    81
       Short sword       |       |    50 |   197 ||   247
 Cast: Sandblast         |    36 |    59 |     1 ||    96
       Passwall          |       |     5 |     2 ||     7
       Stone Arrow       |       |     4 |    89 ||    93
       Lee's Rapid Decon |       |       |     6 ||     6
Evoke: Wand              |       |     8 |     8 ||    16
  Use: Scroll            |     4 |     4 |    11 ||    19
 Stab: Sleeping          |       |     2 |     1 ||     3
Armor: Robe              |    14 |    74 |    88 ||   176
Dodge: Dodged            |    40 |   189 |   167 ||   396

Table legend:
 A = Spawn XP
 B = Non-spawn XP
 C = Spawn XP percentage of total XP
 D = Spawn monster count
 E = Non-spawn monster count
 F = Spawn count percentage of total count
 G = Total turns spent on level
                    A         B        C        D         E        F      G
               +---------+---------+-------+---------+---------+-------+---------
         Total |       0 |    3254 |   0.0 |       0 |     137 |   0.0 |  6766
               +---------+---------+-------+---------+---------+-------+---------
           D:1 |       0 |      38 |   0.0 |       0 |      21 |   0.0 |  1606
           D:2 |       0 |     149 |   0.0 |       0 |      17 |   0.0 |   918
           D:3 |       0 |     200 |   0.0 |       0 |      17 |   0.0 |   904
           D:4 |       0 |     299 |   0.0 |       0 |      16 |   0.0 |   634
           D:5 |       0 |     862 |   0.0 |       0 |      20 |   0.0 |   997
           D:6 |       0 |    1452 |   0.0 |       0 |      18 |   0.0 |  1196
           D:7 |       0 |     115 |   0.0 |       0 |       4 |   0.0 |    35
         Sewer |       0 |     139 |   0.0 |       0 |      24 |   0.0 |   476
               +---------+---------+-------+---------+---------+-------+---------
